amy, neutral female human Ranger -------- -------------- |...|..|--- |...^^^^^^^^.| |..`.*`|..| |...--------+-- --.--..|>.------.-- |.....| |.%`..--...|..|^| --|.....| |.|`.`.|......|^| |.+.....| |.`.|`....---.|^| |-|.....| |...@.--..---.|.| |.+..(..| ---.m.|.......|.| |-|.....| ---.|.``--..|.| |.+.....| |..``..||....| --|.....| |.....-----..| |.....| ------- ---- ------- amy the Trailblazer Experience level: 7 Strength: 14 Dexterity: 12 Constitution: 15 Intelligence: 14 Wisdom: 16 Charisma: 7 Health: 0(44) Energy: 38(38) Def: 11 Gold: 222 Moves: 7892 Dungeon seed: 3N7aDuENjEOKhwi- Game ID: amy_1469268177 Your Inventory: Coins $ - 222 gold pieces Weapons a - an uncursed +1 dagger (alternate weapon; not wielded) b - a blessed +2 bow c - 57 uncursed +2 arrows d - 19 blessed +0 arrows (in quiver) m - 9 uncursed +1 arrows K - 56 uncursed +0 arrows U - a cursed -1 long sword Armor e - an uncursed +2 cloak of displacement (being worn) n - an uncursed +0 dwarvish mithril-coat (being worn) q - an uncursed +0 pair of kicking boots named ok (being worn) Y - an uncursed +0 helmet (being worn) Comestibles h - an uncursed cream pie u - an uncursed lizard corpse x - an uncursed apple C - 4 uncursed food rations H - 3 uncursed melons O - 2 uncursed tripe rations P - an uncursed orange R - an uncursed sprig of wolfsbane T - an uncursed tin of sewer rat meat Z - an uncursed fortune cookie Scrolls f - a blessed scroll of identify i - an uncursed scroll of gold detection w - an uncursed scroll of enchant armor J - a blessed scroll of earth M - an uncursed scroll of earth W - an uncursed scroll of create monster Potions o - 2 uncursed potions of extra healing Rings z - an uncursed +1 ring of gain constitution named cursed (on right hand) D - an uncursed ring of free action named ok (on left hand) X - a cursed ring of polymorph Wands g - an uncursed wand of slow monster (0:3) v - an uncursed wand of enlightenment (0:8) F - an uncursed wand of secret door detection (0:11) G - an uncursed wand of striking (0:5) V - an uncursed wand of opening (0:4) Tools k - an uncursed skeleton key s - an uncursed +0 pick-axe (weapon in hand) Q - an uncursed leash Spells and supernatural/magical abilities: Name Level Category Fail Memory W - pray for help -- divine ? -- Your skills at the end: Miscellaneous Skills wands [Basic] Weapon Skills dagger [Basic] bow [Expert] Spellcasting Skills Final Attributes: You were devoutly aligned. You were telepathic. You had automatic searching. You were displaced. You were stealthy. You were held by a giant mimic. You had free action. You were unlucky. You are dead. Vanquished creatures: a giant beetle a lizard 3 gnome kings 2 orc mummies a dwarf mummy a dog a dingo a dwarf lord a gnome mummy a snake 2 human zombies a rope golem a bugbear an imp 5 Uruk-hai a rock mole a pony a fog cloud a violet fungus 7 gnome lords 2 kobold mummies 2 gray oozes a ghoul 2 straw golems 2 little dogs 2 floating eyes a kitten 8 dwarves a kobold shaman an iguana a rothe a rabid rat 2 giant bats a monkey 3 dwarf zombies 2 wererats a werejackal 3 hobbits 2 acid blobs 5 geckos 2 hobgoblins a giant rat a cave spider 3 brown molds a yellow mold 2 red molds 19 gnomes 4 garter snakes 3 manes a gnome zombie 10 jackals 2 foxes 4 newts 3 goblins 4 sewer rats 7 grid bugs a lichen 2 kobold zombies 147 creatures vanquished. Voluntary challenges: You had followed a strict vegan diet until turn 2154. You had followed a strict vegetarian diet until turn 2154. You used a wielded weapon 43 times, starting on turn 213. You did not apply a unicorn horn. You read items or engraved 4 times, starting on turn 223. You never genocided any monsters. You never polymorphed an object. You never changed form. You cheated in Sokoban 2 times, without finishing. You used no wishes. You never split a pudding. You never wrote Elbereth's name. You violated your moral code, losing 2 points of alignment, starting on turn 6498. Dungeon overview: The Dungeons of Doom: levels 1 to 7 Level 1 a fountain a long staircase Level 2 a fountain Level 3 a potion shop, an altar to Venus, a fountain, a sink Level 4 a fountain stairs to The Gnomish Mines Level 5 an altar to Venus, some fountains Level 6 many fountains Level 7 stairs to Sokoban The Gnomish Mines: levels 5 to 7 Level 5 stairs to The Dungeons of Doom Level 6 Level 7 some shops, a temple to Venus, a magic chest, some fountains, some trees Sokoban: levels 3 to 6 Level 3 <- You were here a magic chest Level 4 Level 5 Level 6 a magic chest stairs to The Dungeons of Doom History has recorded: On T:1 you entered the Dungeons of Doom to retrieve the Amulet of Yendor! On T:389 you reached level 2 of The Dungeons of Doom. On T:754 you reached level 3 of The Dungeons of Doom. On T:1171 you advanced to experience level 2. On T:1211 you reached level 4 of The Dungeons of Doom. On T:1281 you reached level 1 of The Gnomish Mines. On T:1340 you advanced to experience level 3. On T:1358 you advanced to experience level 4. On T:1501 you reached level 2 of The Gnomish Mines. On T:1512 you advanced to experience level 5. On T:1846 you reached level 3 of The Gnomish Mines. On T:2074 you advanced to experience level 6. On T:2089 you entered the Minetown temple On T:2114 you opened a magic chest. On T:2491 you opened a magic chest. On T:3215 you reached level 5 of The Dungeons of Doom. On T:3653 you reached level 6 of The Dungeons of Doom. On T:3806 you received advice from The Oracle. On T:3806 you advanced to experience level 7. On T:3906 you reached level 7 of The Dungeons of Doom. On T:3950 you reached level 4 of Sokoban. On T:4189 you opened a magic chest. On T:4491 you reached level 3 of Sokoban. On T:5763 you reached level 2 of Sokoban. On T:6638 you opened a magic chest. On T:6639 you opened a magic chest. On T:6641 you opened a magic chest. On T:6641 you opened a magic chest. On T:6690 you opened a magic chest. On T:7663 you reached level 1 of Sokoban. Score breakdown: Gold: 222 ( 22 points) Experience: 7 levels ( 600 points) Exploration: 7 levels ( 180 points) Discoveries: 9 items ( 450 points) Variety of kills: 58 monsters ( 2000 points) Major goal: reached Minetown ( 500 points) Survival: died (score multiplied by 3) Total score: 11256 Latest messages: You hear a sound reminiscent of a seal barking. You feel like a cheater. The boulder falls apart. You see here 57 rocks. With great effort you move the boulder. You see here a food ration. You have a little trouble lifting C - an uncursed food ration. You try to move the boulder, but in vain. Wait! That's a giant mimic! You attempt to fire an arrows with your bare hands. The arrow misses the giant mimic. You attempt to fire an arrows with your bare hands. The arrow hits the giant mimic. The giant mimic claws you! (2x) You attempt to fire an arrows with your bare hands. The arrow hits the giant mimic. You attempt to fire an arrows with your bare hands. The arrow hits the giant mimic. You attempt to fire an arrows with your bare hands. The arrow hits the giant mimic. The giant mimic claws you! (2x) You die... Final status: Goodbye amy the Ranger, killed by a giant mimic... You died in Sokoban on dungeon level 3 with 11256 points, and 222 pieces of gold, after 7892 moves. You were level 7 with a maximum of 44 hit points when you died.